DBL
BALTIMORE ORIOLES @ DETROIT TIGERS
05/30/1997
 
TOP OF THE 1ST
Baltimore Orioles batting - Pitching for Detroit Tigers : RHP Kevin Gross
Pitching: RHP Kevin Gross
Batting: LHB Johnny Damon 0-0: Ball
1-0: Ball
2-0: Ball
3-0: Base on Balls
Batting: LHB Bill Spiers 0-0: Ball
Pickoff Throw to First - Out! 1-3
1-0: Called Strike
1-1: Called Strike
1-2: Ball
2-2: Ball
3-2: Foul Ball, location: 2F
3-2: SINGLE (Groundball, 34D, EV 100.6 MPH)
Batting: LHB Kenny Lofton 0-0: Called Strike
0-1: Ball
1-1: Fly out, F8 (Flyball, 8RS, EV 72.5 MPH)
Batting: LHB Matt Franco 0-0: Foul Ball, location: 2F
0-1: Called Strike
0-2: Fly out, F8 (Flyball, 8RD, EV 97.5 MPH)
Top of the 1st over - 0 runs, 1 hit, 0 errors, 1 left on base; Baltimore 0 - Detroit 0
BOTTOM OF THE 1ST
Detroit Tigers batting - Pitching for Baltimore Orioles : LHP David Wells
Pitching: LHP David Wells
Batting: SHB Adrian Brown 0-0: Ball
1-0: Foul Ball, location: 2F
1-1: Foul Ball, location: 2F
1-2: Ball
2-2: Strikes out swinging
Batting: LHB Brent Mayne 0-0: Ball
1-0: Ball
2-0: Called Strike
2-1: Called Strike
2-2: Strikes out swinging
Batting: LHB Ben Grieve 0-0: Ball
1-0: Ball
2-0: Fly out, F8 (Flyball, 8RM, EV 85.0 MPH)
Bottom of the 1st over - 0 runs, 0 hits, 0 errors, 0 left on base; Baltimore 0 - Detroit 0
TOP OF THE 2ND
Baltimore Orioles batting - Pitching for Detroit Tigers : RHP Kevin Gross
Batting: RHB Kelly Gruber 0-0: Ball
1-0: Ball
2-0: Foul Ball, location: 2F
2-1: SINGLE (Groundball, 4MD, EV 106.3 MPH)
Batting: RHB Lyle Mouton 0-0: Ball
1-0: Fly out, F9 (Flyball, 9D, EV 94.4 MPH)
Batting: LHB Matt Nokes 0-0: Called Strike
0-1: Called Strike
0-2: Strikes out swinging
Batting: RHB Alvaro Espinoza 0-0: Fielders Choice at 2nd, 6-4 (Groundball, 6, EV 90.0 MPH)
Top of the 2nd over - 0 runs, 1 hit, 0 errors, 1 left on base; Baltimore 0 - Detroit 0
BOTTOM OF THE 2ND
Detroit Tigers batting - Pitching for Baltimore Orioles : LHP David Wells
Batting: LHB Tino Martinez 0-0: Ball
1-0: Called Strike
1-1: Fly out, F6 (Line Drive, 6, EV 72.5 MPH)
Batting: RHB Howard Battle 0-0: Called Strike
0-1: Ball
1-1: Ball
2-1: SINGLE (Groundball, 6MD, EV 95.0 MPH)
Batting: RHB Russ Johnson 0-0: Called Strike
0-1: Ball
1-1: Foul Ball, location: 2F
1-2: Grounds into double play, 4-6-3 (Groundball, 4, EV 76.3 MPH)
Bottom of the 2nd over - 0 runs, 1 hit, 0 errors, 0 left on base; Baltimore 0 - Detroit 0
TOP OF THE 3RD
Baltimore Orioles batting - Pitching for Detroit Tigers : RHP Kevin Gross
Batting: RHB Jim Leyritz 0-0: Ball
1-0: Foul Ball, location: 2F
1-1: Ball
2-1: Ball
3-1: Fly out, F8 (Flyball, 8LM, EV 76.9 MPH)
Batting: LHB Johnny Damon 0-0: Fly out, F9 (Flyball, 9S, EV 81.3 MPH)
Batting: LHB Bill Spiers 0-0: Called Strike
0-1: Ball
1-1: Ball
2-1: Ground out U3 (Groundball, 34, EV 85.0 MPH)
Top of the 3rd over - 0 runs, 0 hits, 0 errors, 0 left on base; Baltimore 0 - Detroit 0
BOTTOM OF THE 3RD
Detroit Tigers batting - Pitching for Baltimore Orioles : LHP David Wells
Batting: RHB Shane Halter 0-0: Foul Ball, location: 2F
0-1: Ball
1-1: Called Strike
1-2: Ball
2-2: Ball
3-2: Strikes out swinging
Batting: SHB Jeff Barry 0-0: Called Strike
0-1: Ball
1-1: Swinging Strike
1-2: Ball
2-2: Ball
3-2: Strikes out swinging
Batting: LHB Joe Orsulak 0-0: Called Strike
0-1: Fly out, F7 (Flyball, 78S, EV 83.8 MPH)
Bottom of the 3rd over - 0 runs, 0 hits, 0 errors, 0 left on base; Baltimore 0 - Detroit 0
TOP OF THE 4TH
Baltimore Orioles batting - Pitching for Detroit Tigers : RHP Kevin Gross
Batting: LHB Kenny Lofton 0-0: Ball
1-0: Bunted foul
1-1: Ball
2-1: SINGLE (Line Drive, 89S, EV 100.6 MPH)
Batting: LHB Matt Franco 0-0: Ball
Kenny Lofton steals 2nd base
1-0: Ball
2-0: Fly out, F7 (Flyball, 7LS, EV 94.4 MPH)
Batting: RHB Kelly Gruber 0-0: Called Strike
0-1: Ball
1-1: Swinging Strike
1-2: Strikes out swinging
Batting: RHB Lyle Mouton 0-0: Called Strike
0-1: Ball
1-1: Ball
2-1: Called Strike
2-2: Ball
3-2: Strikes out looking
Top of the 4th over - 0 runs, 1 hit, 0 errors, 1 left on base; Baltimore 0 - Detroit 0
BOTTOM OF THE 4TH
Detroit Tigers batting - Pitching for Baltimore Orioles : LHP David Wells
Batting: SHB Adrian Brown 0-0: Ball
1-0: Ball
2-0: SINGLE (Flyball, 9S, EV 86.3 MPH)
Batting: LHB Brent Mayne 0-0: Bunted foul
0-1: Bunted foul
0-2: Fly out, F9 (Line Drive, 9, EV 91.9 MPH)
Batting: LHB Ben Grieve 0-0: Ball
Adrian Brown steals 2nd base
1-0: Called Strike
1-1: Foul Ball, location: 2F
1-2: Strikes out swinging
Batting: LHB Tino Martinez 0-0: Ball
1-0: Ball
2-0: Fly out, F8 (Flyball, 8LS, EV 88.1 MPH)
Bottom of the 4th over - 0 runs, 1 hit, 0 errors, 1 left on base; Baltimore 0 - Detroit 0
TOP OF THE 5TH
Baltimore Orioles batting - Pitching for Detroit Tigers : RHP Kevin Gross
Batting: LHB Matt Nokes 0-0: Called Strike
0-1: Ball
1-1: SINGLE (Groundball, 3D, EV 100.0 MPH)
Batting: RHB Alvaro Espinoza 0-0: Foul Ball, location: 2F
0-1: Ground out 5-3 (Groundball, 56S, EV 68.8 MPH)
Matt Nokes to second
Batting: RHB Jim Leyritz 0-0: Ball
1-0: SINGLE (Groundball, 6MD, EV 97.5 MPH)
Matt Nokes to third
Batting: LHB Johnny Damon 0-0: Ball
1-0: Fly out, F6 (Line Drive, 6, EV 71.3 MPH)
Batting: LHB Bill Spiers 0-0: Swinging Strike
0-1: Ball
1-1: Ball
2-1: SINGLE (Line Drive, 6D, EV 106.9 MPH)
Matt Nokes scores
Jim Leyritz to second
Batting: LHB Kenny Lofton 0-0: Foul Ball, location: 2F
0-1: Ball
1-1: Called Strike
1-2: Foul Ball, location: 2F
1-2: Foul Ball, location: 2F
1-2: Ball
2-2: Foul Ball, location: 2F
2-2: Strikes out swinging
Top of the 5th over - 1 run, 3 hits, 0 errors, 2 left on base; Baltimore 1 - Detroit 0
BOTTOM OF THE 5TH
Detroit Tigers batting - Pitching for Baltimore Orioles : LHP David Wells
Batting: RHB Howard Battle 0-0: Ground out 1-3 (Groundball, 34S, EV 93.8 MPH)
Batting: RHB Russ Johnson 0-0: Called Strike
0-1: Ball
1-1: Fly out, F8 (Line Drive, 8LM, EV 102.5 MPH)
Batting: RHB Shane Halter 0-0: Ball
1-0: Foul Ball, location: 2F
1-1: Ball
2-1: Foul Ball, location: 2F
2-2: Strikes out swinging
Bottom of the 5th over - 0 runs, 0 hits, 0 errors, 0 left on base; Baltimore 1 - Detroit 0
TOP OF THE 6TH
Baltimore Orioles batting - Pitching for Detroit Tigers : RHP Kevin Gross
Batting: LHB Matt Franco 0-0: Ball
1-0: Hit by Pitch
Batting: RHB Kelly Gruber 0-0: Foul Ball, location: 2F
0-1: Ball
1-1: Ball
2-1: Fielders Choice at 2nd, 4-6 (Groundball, 4, EV 88.1 MPH)
Batting: RHB Lyle Mouton 0-0: Ball
1-0: Called Strike
1-1: Ball
Kelly Gruber steals 2nd base
2-1: Called Strike
2-2: 2-RUN HOME RUN (Flyball, 9D, EV 106.3 MPH), Distance : 398 ft
Batting: LHB Matt Nokes 0-0: Ball
1-0: Foul Ball, location: 2F
1-1: Ball
2-1: Foul Ball, location: 2F
2-2: Strikes out swinging
Batting: RHB Alvaro Espinoza 0-0: Ball
1-0: Ball
2-0: SINGLE (Groundball, 3D, EV 95.0 MPH)
Batting: RHB Jim Leyritz 0-0: Ball
1-0: Ball
2-0: Ball
3-0: Called Strike
3-1: 2-RUN HOME RUN (Flyball, 78XD, EV 108.1 MPH), Distance : 419 ft
Batting: LHB Johnny Damon 0-0: Called Strike
0-1: Ball
1-1: Ball
2-1: SINGLE (Groundball, 4MD, EV 94.4 MPH)
Batting: LHB Bill Spiers 0-0: Called Strike
0-1: Foul Ball, location: 2F
0-2: Reached on error, E4 (Groundball, 4, EV 80.6 MPH)
Johnny Damon to second
Batting: LHB Kenny Lofton 0-0: Ball
1-0: SINGLE (Line Drive, 9S, EV 93.8 MPH)
Johnny Damon to third
Bill Spiers to second
Runner from 3rd tries for Home, SAFE, throw by RF to home
Batting: LHB Matt Franco 0-0: SINGLE (Groundball, 6MD, EV 107.5 MPH)
Bill Spiers to third
Kenny Lofton to second
Runner from 3rd tries for Home, SAFE, no throw by CF
Batting: RHB Kelly Gruber 0-0: Called Strike
0-1: Called Strike
0-2: Strikes out looking
Top of the 6th over - 6 runs, 6 hits, 1 error, 2 left on base; Baltimore 7 - Detroit 0
BOTTOM OF THE 6TH
Detroit Tigers batting - Pitching for Baltimore Orioles : LHP David Wells
Batting: SHB Jeff Barry 0-0: Ball
1-0: DOUBLE (Line Drive, 78D, EV 105.0 MPH)
Batting: LHB Joe Orsulak 0-0: Foul Ball, location: 2F
0-1: Called Strike
0-2: Ground out 6-3 (Groundball, 6, EV 88.1 MPH)
Batting: SHB Adrian Brown 0-0: Called Strike
0-1: Ball
1-1: Ground out 4-3 (Groundball, 4S, EV 84.4 MPH)
Jeff Barry to third
Batting: LHB Brent Mayne 0-0: Ball
1-0: Ball
2-0: Called Strike
2-1: Ground out 6-3 (Groundball, 6M, EV 104.4 MPH)
Bottom of the 6th over - 0 runs, 1 hit, 0 errors, 1 left on base; Baltimore 7 - Detroit 0
TOP OF THE 7TH
Baltimore Orioles batting - Pitching for Detroit Tigers : RHP Kevin Gross
Pitching: LHP Larry Thomas
Batting: RHB Lyle Mouton 0-0: Ball
1-0: Ball
2-0: Ball
3-0: Base on Balls
Batting: LHB Matt Nokes 0-0: Called Strike
0-1: Foul Ball, location: 2F
0-2: Strikes out swinging
Batting: RHB Alvaro Espinoza 0-0: Ball
1-0: Ball
2-0: Foul Ball, location: 2F
2-1: Fielders Choice at 2nd, 1-6 (Groundball, 34S, EV 80.6 MPH)
Batting: RHB Jim Leyritz 0-0: Ball
1-0: Ball
2-0: Called Strike
2-1: Called Strike
2-2: Ball
3-2: Strikes out swinging
Top of the 7th over - 0 runs, 0 hits, 0 errors, 1 left on base; Baltimore 7 - Detroit 0
BOTTOM OF THE 7TH
Detroit Tigers batting - Pitching for Baltimore Orioles : LHP David Wells
Batting: LHB Ben Grieve 0-0: Ball
1-0: Ball
2-0: Foul Ball, location: 2F
2-1: Swinging Strike
2-2: Ball
3-2: Foul Ball, location: 2F
3-2: SINGLE (Groundball, 34D, EV 101.9 MPH)
Batting: LHB Tino Martinez 0-0: Foul Ball, location: 2F
0-1: Foul Ball, location: 2F
0-2: SINGLE (Line Drive, 3D, EV 99.4 MPH)
Ben Grieve to second
Batting: RHB Howard Battle 0-0: Fly out, F8 (Line Drive, 8LD, EV 97.5 MPH)
Batting: RHB Russ Johnson 0-0: Ball
1-0: Fly out, F9 (Flyball, 9S, EV 80.6 MPH)
Batting: RHB Shane Halter 0-0: Hit by Pitch
Ben Grieve to third
Tino Martinez to second
Batting: SHB Jeff Barry 0-0: Ball
1-0: Ball
2-0: Foul Ball, location: 2F
2-1: Called Strike
2-2: Fly out, F8 (Flyball, 89S, EV 90.6 MPH)
Bottom of the 7th over - 0 runs, 2 hits, 0 errors, 3 left on base; Baltimore 7 - Detroit 0
TOP OF THE 8TH
Baltimore Orioles batting - Pitching for Detroit Tigers : LHP Larry Thomas
Batting: LHB Johnny Damon 0-0: Called Strike
0-1: DOUBLE (Line Drive, 7LM, EV 95.0 MPH)
Pinch Hitting: RHB Miguel Tejada 0-0: SINGLE (Groundball, 56, EV 111.3 MPH) - runner OUT being hit by batted ball. (infield hit)
Batting: LHB Kenny Lofton 0-0: Swinging Strike
0-1: Fly out, F8 (Flyball, 8RS, EV 85.6 MPH)
Batting: LHB Matt Franco 0-0: Ball
1-0: Ball
2-0: Called Strike
2-1: Fly out, F8 (Line Drive, 8LD, EV 94.4 MPH)
Top of the 8th over - 0 runs, 2 hits, 0 errors, 1 left on base; Baltimore 7 - Detroit 0
BOTTOM OF THE 8TH
Detroit Tigers batting - Pitching for Baltimore Orioles : LHP David Wells
Now at 2B: Miguel Tejada
Batting: LHB Joe Orsulak 0-0: Called Strike
0-1: Ball
1-1: Ground out U3 (Groundball, 34, EV 105.0 MPH)
Batting: SHB Adrian Brown 0-0: Foul Ball, location: 2F
0-1: Ball
1-1: Called Strike
1-2: Fly out, F3 (Popup, 3F, EV 76.3 MPH)
Batting: LHB Brent Mayne 0-0: SINGLE (Groundball, 4D, EV 95.6 MPH)
Batting: LHB Ben Grieve 0-0: Called Strike
0-1: Swinging Strike
0-2: Strikes out looking
Bottom of the 8th over - 0 runs, 1 hit, 0 errors, 1 left on base; Baltimore 7 - Detroit 0
TOP OF THE 9TH
Baltimore Orioles batting - Pitching for Detroit Tigers : LHP Larry Thomas
Batting: RHB Kelly Gruber 0-0: Ball
1-0: Ball
2-0: Foul Ball, location: 2F
2-1: Ball
3-1: Ground out 6-3 (Groundball, 6, EV 84.4 MPH)
Batting: RHB Lyle Mouton 0-0: Called Strike
0-1: Ball
1-1: Ball
2-1: Foul Ball, location: 2F
2-2: Strikes out swinging
Batting: LHB Matt Nokes 0-0: SINGLE (Flyball, 78S, EV 86.9 MPH)
Batting: RHB Alvaro Espinoza 0-0: Swinging Strike
0-1: Swinging Strike
0-2: Ball
1-2: Strikes out swinging
Top of the 9th over - 0 runs, 1 hit, 0 errors, 1 left on base; Baltimore 7 - Detroit 0
BOTTOM OF THE 9TH
Detroit Tigers batting - Pitching for Baltimore Orioles : LHP David Wells
Batting: LHB Tino Martinez 0-0: Ball
1-0: Ball
2-0: Swinging Strike
2-1: Ground out 6-3 (Groundball, 6, EV 93.1 MPH)
Batting: RHB Howard Battle 0-0: Called Strike
0-1: Fly out, F3 (Popup, 3F, EV 59.4 MPH)
Batting: RHB Russ Johnson 0-0: Ball
1-0: Ball
2-0: Ground out 4-3 (Groundball, 4, EV 85.6 MPH)
Bottom of the 9th over - 0 runs, 0 hits, 0 errors, 0 left on base; Baltimore 7 - Detroit 0
Tuesday, February 17th, 2026 - OOTP Baseball 20.8 Build 74